 Dungeon Sprint DCSS version 0.20-a0-1126-g0f15420 (webtiles) character file.

390 potatolord6000 the Fighter (level 6, 0/85 HPs)
             Began as a Demonspawn Gladiator on May 17, 2017.
             Was an Initiate of Gozag.
             Slain by a vampire (5 damage)
             ... in the Dungeon (Sprint IX: "|||||||||||||||||||||||||||||").
             The game lasted 00:02:08 (190 turns).

potatolord6000 the Fighter (Demonspawn Gladiator)    Turns: 190, Time: 00:02:09

Health: 0/85       AC: 10    Str: 24    XL:     6   Next: 50%
Magic:  6/6        EV: 14    Int: 10    God:    Gozag
Gold:   0          SH:  0    Dex: 14    Spells: 5/5 levels left

rFire    . . .     SeeInvis .   c - +4 quarterstaff
rCold    . . .     Gourm    .   (shield currently unavailable)
rNeg     . . .     Faith    .   n - +1 chain mail
rPois    .         Spirit   .   (helmet restricted)
rElec    .         Reflect  .   a - +0 cloak
rCorr    .         Harm     .   (no gloves)
MR       .....     NoTele   +   (no boots)
Stlth    ..........             (no amulet)
Regen    0.3/turn               b - +3 ring of strength
MPRegen  0.1/turn               o - +2 ring of evasion

@: confused, berserking (expiring), very quick
A: horns 1, large bone plates 1, powered by death 1
a: Potion Petition, Call Merchant, Bribe Branch, Renounce Religion


You were in the Dungeon.
You worshipped Gozag.
Gozag was noncommittal.
You were not hungry.

You visited 1 branch

Inventory:

Hand Weapons
 c - a +4 quarterstaff (weapon)
Armour
 a - a +0 cloak (worn)
 n - a +1 chain mail (worn)
Jewellery
 b - a +3 ring of strength (left hand)
 o - a +2 ring of evasion (right hand)
Scrolls
 k - 2 scrolls of blinking
 l - 3 scrolls of remove curse
 m - 2 scrolls of amnesia
Potions
 d - a potion of invisibility
 g - 2 potions of curing
 i - 4 potions of magic
Comestibles
 f - a bread ration


   Skills:
 + Level 8.5 Fighting
 + Level 7.8 Staves
 - Level 1.7 Throwing
 + Level 8.0 Dodging


You had 5 spell levels left.
You didn't know any spells.

Dungeon Overview and Level Annotations

Branches:
Dungeon (1/1)

Altars:
Cheibriados
Dithmenos
Elyvilon
Fedhas
Gozag
Hepliaklqana
Kikubaaqudgha
Makhleb
Nemelex Xobeh
Okawaru
Qazlal
Ru
Sif Muna
Trog
Uskayaw
Vehumet
Wu Jian
Xom
Yredelemnul
Zin
The Shining One
Beogh
Jiyva
Lugonu


Innate Abilities, Weirdness & Mutations

You have a pair of small horns on your head.
You are partially covered in large bone plates. (SH +4)
You regenerate a little health from kills.


Message History

You hear some strange, mumbled words.
You are more confused.
You bump into the unnaturally hard rock wall.
Something hits you.
* * * LOW HITPOINT WARNING * * *
Something bites you!
* * * LOW HITPOINT WARNING * * *
Something draws strength from your injuries!
You're too confused to move!
You feel a strong urge to attack something.
You bump into the unnaturally hard rock wall.
Something hits you but does no damage. Something bites you!
* * * LOW HITPOINT WARNING * * *
Something draws strength from your injuries!
Your chain mail prevents you from hitting something.
You headbutt something! Something hits you.
* * * LOW HITPOINT WARNING * * *
Something bites you.
You die...
Your body crumbles into a pile of gold. $$$$$$$$ $$$$$ $ $ $ $$$$$ $$ ▓▓▓▓▓▓▓▓▓▓▓▓▓▓▓▓▓▓▓▓▓▓▓▓▓▓ _________'../)[.@{ty...... ▓▓▓▓▓▓▓▓▓▓▓▓▓▓▓▓▓▓▓▓▓▓▓▓▓▓

You could see a crocodile and a killer bee.

Vanquished Creatures
  2 hippogriffs (D)
  An iguana (D)
  An adder (D)
  A bat (D)
  A giant cockroach (D)
  A quokka (D)
  2 giant cockroach zombies (D)
  A jackal skeleton (D)
  A kobold (D)
  2 rats (D)
13 creatures vanquished.

Notes
Turn   | Place    | Note
-------+----------+-------------------------------------------
     0 | D        | potatolord6000 the Demonspawn Gladiator began the quest for the Orb.
     0 | D        | Reached XP level 1. HP: 16/16 MP: 1/1
    21 | D        | Noticed an iguana
    39 | D        | Gained mutation: You have a pair of small horns on your head. [demonic ancestry]
    39 | D        | Reached XP level 2. HP: 6/24 MP: 2/2
    45 | D        | Gained mutation: You regenerate a little health from kills. [demonic ancestry]
    45 | D        | Reached XP level 3. HP: 24/31 MP: 3/3
    51 | D        | Found a roughly hewn altar of Beogh.
    51 | D        | Found a snail-covered altar of Cheibriados.
    51 | D        | Found a shadowy altar of Dithmenos.
    51 | D        | Found a white marble altar of Elyvilon.
    51 | D        | Found a blossoming altar of Fedhas.
    51 | D        | Found an opulent altar of Gozag.
    52 | D        | Found a hazy altar of Hepliaklqana.
    53 | D        | Found a viscous altar of Jiyva.
    54 | D        | Found an ancient bone altar of Kikubaaqudgha.
    55 | D        | Found a corrupted altar of Lugonu.
    56 | D        | Found a burning altar of Makhleb.
    57 | D        | Found a sparkling altar of Nemelex Xobeh.
    58 | D        | Found an iron altar of Okawaru.
    59 | D        | Became a worshipper of Gozag Ym Sagoz the Greedy
    60 | D        | Found a stormy altar of Qazlal.
    61 | D        | Found a sacrificial altar of Ru.
    62 | D        | Found a deep blue altar of Sif Muna.
    63 | D        | Found a bloodstained altar of Trog.
    64 | D        | Found a hide-covered altar of Uskayaw.
    65 | D        | Found a radiant altar of Vehumet.
    66 | D        | Found an ornate altar of the Wu Jian Council.
    67 | D        | Found a shimmering altar of Xom.
    68 | D        | Found a basalt altar of Yredelemnul.
    69 | D        | Found a glowing silver altar of Zin.
    70 | D        | Found a glowing golden altar of the Shining One.
   121 | D        | Noticed a hippogriff
   121 | D        | Noticed a hippogriff
   121 | D        | Noticed a vampire
   121 | D        | Noticed a crocodile
   121 | D        | Noticed a killer bee
   130 | D        | Killed a hippogriff
   130 | D        | Gained mutation: You are partially covered in large bone plates. (SH +4) [demonic ancestry]
   130 | D        | Reached XP level 4. HP: 26/43 MP: 4/4
   130 | D        | Reached XP level 5. HP: 29/48 MP: 5/5
   138 | D        | Killed a hippogriff
   138 | D        | Reached XP level 6. HP: 31/57 MP: 6/6
   170 | D        | HP: 1/57 [something (4)]
   190 | D        | Slain by a vampire

Vault maps used:
D:        linesprint

Skill      XL: |  1  2  3  4  5 |
---------------+----------------+-----
Dodging        | 3 4 6 8 |  8.0
Staves         | 3 4 6 7 |  7.8
Fighting       | 3 4 7 8 |  8.5
Throwing       | |  1.7

Action                   |  1- 3 |  4- 6 || total
-------------------------+-------+-------++-------
Melee: Quarterstaff      |    39 |    47 ||    86
       Headbutt          |     5 |    12 ||    17
  Use: Potion            |     3 |     5 ||     8
Armor: Leather armour    |     8 |       ||     8
       Chain mail        |    12 |    24 ||    36
Dodge: Dodged            |    27 |     8 ||    35
Block: Other             |       |     1 ||     1
